 Dungeon Crawl Stone Soup version 0.26-a0-720-g2a1d101370 (webtiles) character file.

Game seed: 7222911587579580692

114 somkeydreadnuts the Digger (level 4, -3/24 HPs)
             Began as a Gargoyle Earth Elementalist on Nov 3, 2020.
             Slain by an ice beast (11 damage)
             ... on level 3 of the Dungeon.
             The game lasted 00:11:46 (2197 turns).

somkeydreadnuts the Digger (GrEE)                   Turns: 2197, Time: 00:11:48

Health: -3/24      AC:  5    Str: 12      XL:     4   Next: 98%
Magic:  0/7        EV: 11    Int: 15 (16) God:
Gold:   121        SH:  3    Dex: 10      Spells: 6/7 levels left

rFire    . . .     SeeInvis .   o - +2 flail (holy)
rCold    . . .     Faith    .   g - +0 buckler
rNeg     + . .     Spirit   .   c - +0 robe
rPois    ∞         Reflect  .   (no helmet)
rElec    +         Harm     .   (no cloak)
rCorr    .         Rampage  .   (no gloves)
MR       .....                  (no boots)
Stlth    ++........             (no amulet)
HPRegen  0.08/turn              h - ring of flight
MPRegen  0.10/turn              (no ring)

@: no status effects
A: negative energy resistance 1, electricity resistance, unbreathing,
petrification resistance, rot immunity, AC +3
a: Evoke Flight


You were on level 3 of the Dungeon.
You visited 1 branch of the dungeon, and saw 3 of its levels.

You collected 121 gold pieces.

Inventory:

Hand Weapons
 l - a +3 short sword
 o - a +2 flail of holy wrath (weapon)
Missiles
 b - 72 stones (quivered)
Armour
 c - a +0 robe (worn)
 g - a +0 buckler (worn)
Jewellery
 h - a ring of flight (left hand)
Scrolls
 d - 4 scrolls of identify {unknown}
 f - 2 scrolls of teleportation {unknown}
 j - a scroll of enchant armour {unknown}
 k - 3 scrolls of remove curse {unknown}
 n - 3 scrolls of immolation {unknown}
Potions
 a - a potion of berserk rage {unknown}
 e - a potion of curing
 i - a potion of haste {unknown}
 m - a potion of lignification {unknown}


   Skills:
 - Level 1.5 Dodging
 - Level 2.2 Stealth
 - Level 2.0 Spellcasting
   Level 0.7 Transmutations
 + Level 6.6 Earth Magic


You had 6 spell levels left.
You knew the following spells:

 Your Spells              Type           Power        Failure   Level
a - Sandblast             Erth           ###...       2%          1

Your spell library contained the following spells:

 Spells                   Type           Power        Failure   Level
 Passwall                 Tmut/Erth      ##......     12%         2
 Stone Arrow              Conj/Erth      ##....       28%         3
 Lee's Rapid Deconstruct  Erth           ###.......   56%         5
 Petrify                  Tmut/Erth      ##......     63%         4


Dungeon Overview and Level Annotations

Branches:
Dungeon (3/15)

Altars:
Gozag


Innate Abilities, Weirdness & Mutations

You are resistant to torment.
Your stone body is resilient. (AC +3)
You are immune to poison.
You resist negative energy. (rN+)
You are resistant to electric shocks. (rElec)
You can survive without breathing.
You are immune to petrification.
You are immune to rotting.


Message History

The blast of sand hits the ice beast.
The ice beast is severely wounded.
b - 73 stones The ice beast hits you but does no damage.
You closely miss the ice beast.
The ice beast is severely wounded.
The ice beast closely misses you. The ice beast misses you.
You hit the ice beast.
The ice beast is almost dead.
The ice beast barely misses you.
Casting: Sandblast (safe; 2% risk of failure)
Confirm with . or Enter, or press ? or * to list all spells.
Aiming: Sandblast (safe; 2% risk of failure)
Press: ? - help, Shift-Dir - straight line, f/p - ice beast
Aim: an ice beast (severely wounded)
The blast of sand hits the ice beast.
The ice beast is almost dead.
b - 72 stones The ice beast hits you.
The ice beast freezes you!
You die...

#[# #####Y#
#.....# #.#####
#Y# #.# #.# #####
#.###########.#<#
#..........Y@.#.#
#############[..#
#####


You could see an ice beast.

Vanquished Creatures
  Terence (D:3)
  3 adders (D:2)
  4 worms (D:2)
  A dart slug (D:1)
  An orc (D:3)
  11 bats
  7 goblins
  3 hobgoblins
  7 kobolds
  2 quokkas (D:2)
  5 frilled lizards
  7 rats
52 creatures vanquished.

Notes
Turn   | Place    | Note
-------+----------+-------------------------------------------
     0 | D:1      | somkeydreadnuts the Gargoyle Earth Elementalist began the
                  | quest for the Orb.
     0 | D:1      | Reached XP level 1. HP: 10/10 MP: 3/3
    94 | D:1      | Reached skill level 4 in Earth Magic
   144 | D:1      | Reached XP level 2. HP: 15/15 MP: 3/5
   866 | D:2      | Reached skill level 5 in Earth Magic
   866 | D:2      | Reached XP level 3. HP: 19/19 MP: 3/6
   932 | D:2      | Found an opulent altar of Gozag.
  1475 | D:2      | Reached XP level 4. HP: 19/24 MP: 5/7
  1646 | D:2      | Reached skill level 6 in Earth Magic
  2056 | D:3      | Noticed Terence
  2075 | D:3      | Killed Terence
  2131 | D:3      | Noticed an ice beast
  2191 | D:3      | HP: 1/24 [ice beast (5)]
  2197 | D:3      | Slain by an ice beast

Illustrated notes

Levels and vault maps discovered:
D:1:      evilmike_arrival_plus, layout_basic, minmay_pentomino_q4
D:2:      layout_basic, grunt_gozag_statues
D:3:      layout_basic, uniq_terence, uniq_grinder

Skill      XL: |  1  2  3  4 |
---------------+-------------+-----
Earth Magic    | 4 5 6 |  6.6
Dodging        | |  1.5
Stealth        | |  2.2
Spellcasting   | |  2.0
Transmutations | |  0.7

Action                   |  1- 3 |  4- 6 || total
-------------------------+-------+-------++-------
Melee: Unarmed           |     7 |       ||     7
       Mace              |    68 |       ||    68
       Short sword       |    22 |    22 ||    44
       Flail             |       |     3 ||     3
 Cast: Sandblast         |    28 |    20 ||    48
  Use: Potion            |     1 |     1 ||     2
 Stab: Sleeping          |     3 |       ||     3
Armor: Robe              |    53 |    13 ||    66
Dodge: Dodged            |   118 |    22 ||   140

Table legend: (Time is in decaauts)
 A = Elapsed time spent in this place.
 B = Non-inter-level travel time spent in this place.
 C = Inter-level travel time spent in this place.
 D = Time resting spent in this place.
 E = Time spent auto-exploring this place.
 F = Levels seen in this place.
 G = Mean time per level.
                   A        B        C        D        E       F      G
               +--------+--------+--------+--------+--------+-----+--------+
         Total |   2226 |   2226 |      0 |      0 |   1414 |   3 |  742.0 |
       Dungeon |   2226 |   2226 |      0 |      0 |   1414 |   3 |  742.0 |
               +--------+--------+--------+--------+--------+-----+--------+

Top non-repeatable levels by time:
     D:2: 1203 daAuts
     D:1: 867 daAuts
     D:3: 155 daAuts
